 Dungeon Sprint DCSS version 0.29.1-2-gbd0b4ee654 (webtiles) character file.

Game seed: 3595291332520753615

553 Zeld the Cleaver (level 7, -6/105 HPs)
             Began as a Minotaur Berserker on Oct 23, 2022.
             Was a Believer of Trog.
             Mangled by a sun demon (19 damage)
             ... summoned by a kobold demonologist
             ... in the Dungeon (Sprint I: "Red Sonja").
             The game lasted 00:00:32 (567 turns).

Zeld the Cleaver (Minotaur Berserker)                Turns: 567, Time: 00:00:32

Health: -6/105     AC: -9    Str: 23    XL:     7   Next: 8%
Magic:  6/6        EV: 14    Int:  4    God:    Trog [**....]
Gold:   270        SH:  0    Dex: 10    Spells: 6/6 levels left

rFire   . . .      SeeInvis .   a - +0 hand axe
rCold   . . .      Faith    .   (no shield)
rNeg    . . .      Spirit   .   b - +0 animal skin
rPois   .          Reflect  .   (helmet restricted)
rElec   .          Harm     .   (no cloak)
rCorr   .          Rampage  .   (no gloves)
Will    .....      NoTele   +   (no boots)
Stlth   ..........              (no amulet)
HPRegen 0.27/turn               (no ring)
MPRegen 0.10/turn               (no ring)

@: berserking, corroded, very quick
A: horns 2, retaliatory headbutt
a: Renounce Religion, Berserk, Trog's Hand


You were in the Dungeon.
You worshipped Trog.
Trog was pleased with you.
You visited 1 branch You collected 270 gold pieces.

Inventory:

Hand Weapons
 a - a +0 hand axe (weapon)
Armour
 b - a +0 animal skin (worn)
Wands
 i - a wand of roots (13)
Scrolls
 h - a scroll of blinking
Potions
 c - a potion of curing
 d - a potion of heal wounds
 e - a potion of haste
 f - 2 potions of magic
 g - a potion of berserk rage
 j - a potion of brilliance {unknown}


   Skills:
 + Level 9.0 Fighting
 * Level 12.0 Axes
 + Level 8.5 Armour
 + Level 7.8 Dodging


You had 6 spell levels left.
You didn't know any spells.
Your spell library was empty.

Dungeon Overview and Level Annotations

Branches:
Dungeon (1/1)

Altars:
Makhleb
Xom
Jiyva
Lugonu


Innate Abilities, Weirdness & Mutations

You have a pair of horns on your head.
You reflexively headbutt those who attack you in melee.


Message History

The rust devil is moderately wounded.
You hit the sun demon.
The kobold demonologist gestures wildly while chanting.
You hit the rust devil. You headbutt the rust devil.
The rust devil is heavily wounded.
You hit the sun demon but do no damage. The rust devil misses you.
The sun demon misses you.
Unknown command.
You hit the rust devil.
The rust devil is severely wounded.
You slash the sun demon!
Unknown command.
You hit the rust devil but do no damage.
Your headbutt misses the rust devil.
The rust devil is severely wounded.
You hit the sun demon but do no damage. The sun demon misses you.
The rust devil misses you.
Unknown command.
You hit the rust devil but do no damage.
The rust devil is severely wounded.
You completely miss the sun demon.
The kobold demonologist casts a spell.
The sun demon hits you!!
You are engulfed in flames!
Unknown command.
You are too injured to fight recklessly!
Unknown command.
You hit the rust devil but do no damage.
You headbutt the rust devil!
The rust devil is almost dead.
You hit the sun demon but do no damage. The rust devil hits you!
* * * LOW HITPOINT WARNING * * *
The rust devil corrodes you!
Unknown command.
You hit the rust devil but do no damage.
Your headbutt misses the rust devil.
The rust devil is almost dead.
You hit the sun demon but do no damage. The sun demon hits you!
* * * LOW HITPOINT WARNING * * *
You are engulfed in flames!!
You die...

#####################
.)..#..'..#__#..@3K.#
.#..').#..'..'..#453#
###'#####+#__####K..+
#..# #### #### ####


You could see a sun demon (summoned), a rust devil (summoned), 2 kobold
demonologists, a neqoxec (summoned) and an ufetubus (summoned).

Vanquished Creatures
  A slime creature (D)
  Sigmund (D)
  A floating eye (D)
  An ogre (D)
  Ijyb (D)
5 creatures vanquished.

Notes
Turn   | Place    | Note
-------+----------+-------------------------------------------
     0 | D        | Zeld the Minotaur Berserker began the quest for the Orb.
     0 | D        | Reached XP level 1. HP: 19/19 MP: 0/0
     1 | D        | Noticed Ijyb
     7 | D        | Killed Ijyb
     8 | D        | Reached skill level 5 in Axes
     8 | D        | Reached XP level 2. HP: 28/28 MP: 1/1
   195 | D        | Noticed an ogre
   199 | D        | Killed an ogre
   200 | D        | Reached skill level 7 in Axes
   200 | D        | Reached skill level 5 in Armour
   200 | D        | Reached skill level 5 in Dodging
   200 | D        | Reached XP level 3. HP: 37/37 MP: 2/2
   200 | D        | Reached XP level 4. HP: 44/44 MP: 3/3
   238 | D        | Noticed Sigmund
   244 | D        | Killed Sigmund
   244 | D        | Reached ** piety under Trog
   245 | D        | Reached skill level 10 in Axes
   245 | D        | Reached XP level 5. HP: 29/53 MP: 4/4
   245 | D        | Reached XP level 6. HP: 33/61 MP: 5/5
   393 | D        | Found a burning altar of Makhleb.
   393 | D        | Found a viscous altar of Jiyva.
   393 | D        | Found a shimmering altar of Xom.
   393 | D        | Found a corrupted altar of Lugonu.
   393 | D        | Noticed a slime creature
   399 | D        | Killed a slime creature
   400 | D        | Reached skill level 11 in Axes
   553 | D        | Noticed a kobold demonologist
   553 | D        | Noticed a floating eye
   554 | D        | Noticed a kobold demonologist
   555 | D        | Noticed a sun demon
   555 | D        | Noticed a rust devil
   557 | D        | Killed a floating eye
   558 | D        | Reached skill level 12 in Axes
   558 | D        | Reached XP level 7. HP: 70/70 MP: 6/6
   566 | D        | Noticed a neqoxec
   567 | D        | Mangled by a sun demon

Illustrated notes

Levels and vault maps discovered:
D:        dungeon_sprint_1 [red_sonja_temple_1, red_sonja_temple_small_1]

Skill      XL: |  1  2  3  4  5  6 |
---------------+-------------------+-----
Fighting       | 4 6 7 9 |  9.0
Axes           | 5 7 10 12 | 12.0
Armour         | 3 5 7 8 |  8.5
Dodging        | 3 5 6 7 |  7.8

Action                   |  1- 3 |  4- 6 |  7- 9 || total
-------------------------+-------+-------+-------++-------
Melee: Hand axe          |     7 |    11 |    10 ||    28
       Headbutt          |     3 |     3 |     3 ||     9
       Punch             |       |     1 |       ||     1
Invok: Berserk           |     2 |     2 |       ||     4
Armor: Animal skin       |       |     1 |       ||     1
Dodge: Dodged            |     3 |     3 |     5 ||    11
